 Dungeon Crawl Stone Soup version 0.21-a0-110-g8e1637b (webtiles) character file.

74 Alarkh the Chopper (level 4, 35/35 HPs)
             Began as a Demonspawn Monk on July 8, 2017.
             Got out of the dungeon alive.
             The game lasted 00:01:32 (1265 turns).

Alarkh the Chopper (Demonspawn Monk)                Turns: 1265, Time: 00:01:32

Health: 35/35      AC:  2    Str: 11 (12) XL:     4   Next: 9%
Magic:  4/4        EV: 13    Int: 11 (12) God:
Gold:   94         SH:  0    Dex: 12 (15) Spells: 3/3 levels left

rFire    + . .     SeeInvis .   a - +0 hand axe
rCold    . . .     Gourm    .   (no shield)
rNeg     . . .     Faith    .   b - +0 robe
rPois    .         Spirit   .   (helmet restricted)
rElec    .         Reflect  .   (no cloak)
rCorr    .         Harm     .   (no gloves)
MR       .....                  (no boots)
Stlth    ++........             (no amulet)
HPRegen  0.11/turn              n - ring of protection from fire
MPRegen  0.09/turn              (no ring)

@: no status effects
A: antennae 1, powered by pain 1
a: no special abilities


You escaped.
You were not hungry.

You visited 1 branch of the dungeon, and saw 2 of its levels.

You collected 94 gold pieces.

Inventory:

Hand Weapons
 a - a +0 hand axe (weapon)
Armour
 b - a +0 robe (worn)
 l - a +1 helmet
Jewellery
 n - a ring of protection from fire (left hand)
Wands
 m - a wand of polymorph (4/24)
Scrolls
 e - a scroll of identify
 f - a scroll of remove curse {unknown}
Potions
 g - 2 potions of ambrosia
 h - 2 potions of mutation
Comestibles
 c - 2 bread rations
 i - 2 fruits


   Skills:
 - Level 3.0 Fighting
 + Level 4.5 Axes
 - Level 2.6 Dodging
 - Level 1.7 Stealth


You had 3 spell levels left.
You didn't know any spells.

Dungeon Overview and Level Annotations

Branches:
Dungeon (2/15)

Altars:


Innate Abilities, Weirdness & Mutations

You have a pair of small antennae on your head.
You sometimes gain a little power by taking damage.


Message History

This raw flesh tastes terrible.
You recover from your berserk rage.
You start resting.
Some of the chunks of flesh in your inventory have rotted away. x4
HP restored.
Unknown command.
Unknown command.
Unknown command.
Okay, then.
All of the chunks of flesh in your inventory have rotted away.
There is a stone staircase leading up here.
You climb upwards.
There is a stone staircase leading down here.
Unknown command.
You see here a short sword.
A dart slug comes into view.
You can't go up here!
There is a staircase leading out of the dungeon here.
Are you sure you want to leave the Dungeon?
This will make you lose the game!
You have escaped!

.....#### ........#
################
..##....#
#..............#
..##....#
#..w...........#
..#.....#
#............(.#
....#...#
#..##.>.#####..#
...###### #..##...#
#..# ...# #.......#
#..#
...########.....@.#
#..#
...#......#.......#
#..#
รท....##..##..###..#
#..# ........###..#
#..#####..#
....##### #..#
#.........# ....#
#..###.........#
....#
#............(.#
...##
#........####..#
##.#### #........#
#.)#


You could see a dart slug (wandering).

Vanquished Creatures
  Robin (D:2)
  An adder (D:2)
  2 dart slugs (D:1)
  A leopard gecko (D:2)
  4 bats
  2 giant cockroaches
  14 goblins
  8 hobgoblins
  A quokka (D:2)
  A frilled lizard (D:2)
  6 kobolds
  3 rats
44 creatures vanquished.

Notes
Turn   | Place    | Note
-------+----------+-------------------------------------------
     0 | D:1      | Alarkh the Demonspawn Monk began the quest for the Orb.
     0 | D:1      | Reached XP level 1. HP: 18/18 MP: 1/1
    83 | D:1      | Reached skill level 3 in Axes
   121 | D:1      | Gained mutation: You sometimes gain a little power by taking damage. [demonic ancestry]
   121 | D:1      | Reached XP level 2. HP: 20/24 MP: 2/2
   818 | D:2      | Noticed Robin
   824 | D:2      | Reached XP level 3. HP: 29/29 MP: 3/3
   833 | D:2      | Killed Robin
   833 | D:2      | Reached skill level 4 in Axes
   984 | D:2      | Gained mutation: You have a pair of small antennae on your head. [demonic ancestry]
   984 | D:2      | Reached XP level 4. HP: 19/35 MP: 4/4
  1265 | D:$      | Got out of the dungeon alive.

Vault maps used:
D:1:      dpeg_arrival_boxorama
D:2:      minmay_hexomino_c4, uniq_robin

Skill      XL: |  1  2  3 |
---------------+----------+-----
Axes           | 3 4 |  4.5
Fighting       | |  3.0
Dodging        | |  2.6
Stealth        | |  1.7

Action                   |  1- 3 |  4- 6 || total
-------------------------+-------+-------++-------
Melee: Hand axe          |    99 |     5 ||   104
  Use: Scroll            |     2 |       ||     2
       Potion            |     3 |       ||     3
 Stab: Sleeping          |     1 |       ||     1
  Eat: Chunk             |       |     1 ||     1
Armor: Robe              |    28 |       ||    28
       Skin              |    14 |       ||    14
Dodge: Dodged            |    67 |     5 ||    72
